Unix NetHack Version 3.7.0-50 Work-in-progress - last build Mar 2 2022 05:04:30 (3214c02c36e7653d92696a1813e68efb70587e3e,branch:master). Game began 2022-03-03 12:49:17, ended 2022-03-03 18:42:16. wbn, chaotic male elven Ranger --------------------------------- -------- |...............................| |....... |.----...)-----|---------.....{.| |......| |.| |....|@!m|..|.((| |.......| |......| |.| ----.-.!@|..|(.(| +.......| |......| |.| |.|.**|--|...|---.-----.. -.-+.--- |.--+- |.----| |-|--....-.%%|.| # # # |....-+--..-..| |........|.%%|.| # # # |..........| |+--.-----..-----.| ### # |.{..--|-.----|....| |.... ..| ## # |....|..|.|...-....-...|.---+-..| # ### # |.-|-|..|.|...|.--------.| |..| # # ----|-.--- # #|.|..|..|.|._.|.-..|..|..| |..| ###### ----.----- |........-# # #..............|.|..|..|..| |..|#####)#####.........| |........| ##|.----....-.---.----|--..-----..|### ##|........| |.......>- #|..................[.............# #|........| |........| ---------------------------------# #......<..| |......... |........| ---------- ---------- Wbn the Trailblazer St:12 Dx:9 Co:15 In:14 Wi:13 Ch:8 Chaotic S:2111 Dlvl:6 $:269 HP:0(36) Pw:26(26) AC:7 Xp:6/373 T:1487 Satiated Latest messages: c - 3 +2 elven arrows (in quiver). You try to feel what is lying here on the floor. There are several objects here. r - 13 arrows. You try to feel what is lying here on the floor. There are many objects here. You try to feel what is lying here on the floor. There are many objects here. You try to feel what is lying here on the floor. You feel here 2 black gems. You climb up the stairs. Where do you want to travel to? (For instructions type a '?') You can see again. Where do you want to travel to? (For instructions type a '?') This door is locked. Where do you want to travel to? (For instructions type a '?') You feel clumsy! You haven't been working on reflexes lately. The priestess of Mars intones: "Pilgrim, you enter a sacred place!" You experience a sense of peace. You stop. The priestess of Mars doesn't want to swap places. "Hello, wbn! Welcome to Kinojevis' general store!" You see here a pink potion (for sale, 133 zorkmids). You see here an orange gem (for sale, 4333 zorkmids). You see here 9 rocks (for sale, 63 zorkmids). You see here a black gem (for sale, 1133 zorkmids). Wait! That's a small mimic! What do you want to wield? [- a-djr or ?*] a a - a +1 elven dagger (weapon in hand). b - a +1 elven bow (alternate weapon; not wielded). The small mimic hits! You hit the small mimic. The small mimic hits! You hit the small mimic. The small mimic hits! You miss the small mimic. You hit the small mimic. You hit the small mimic. The small mimic hits! You die... Kinojevis gratefully inherits all your possessions. Do you want to see what you had when you died? [ynq] (y) y Do you want to see your attributes? [ynq] (y) y Do you want an account of creatures vanquished? [ynaq] (y) y Do you want to see your conduct and achievements? [ynq] (y) y Do you want to see the dungeon overview? [ynq] (y) y Major events: Turn 1: wbn the chaotic male elven Ranger entered the dungeon 924: reached Mine Town 1487: killed by a small mimic Inventory: Coins $ - 269 gold pieces Weapons j - 22 +0 arrows r - 13 +0 arrows c - 28 +2 elven arrows (in quiver) d - 33 +0 elven arrows b - a +1 elven bow (alternate weapon; not wielded) a - a +1 elven dagger (weapon in hand) Armor e - an uncursed +2 elven cloak (being worn) Comestibles i - 2 uncursed food rations f - 5 uncursed lembas wafers Scrolls h - a blessed scroll of destroy armor g - an uncursed scroll of taming q - an uncursed scroll of teleportation Spellbooks m - an uncursed spellbook of sleep Tools p - an uncursed tin opener n - an uncursed tin whistle o - a cursed wax candle Wbn the Ranger's attributes: Background: You were a Trailblazer, a level 6 male elven Ranger. You were chaotic, nominally on a mission for Mars who was opposed by Mercury (lawful) and Venus (neutral). You were in the Gnomish Mines, on level 6. You entered the dungeon 1487 turns ago. There was a new moon in effect when your adventure ended. You had 373 experience points, 267 more were needed to attain level 7. Your score was 2111 before end-of-game adjustments. Basics: You had 0 out of 36 hit points. You had all 26 energy points (spell power). Your armor class was 7. Your wallet contained 269 zorkmids. Autopickup was off. Final Characteristics: Your strength was 12 (peak:16, limit:18). Your dexterity was 9 (peak:10, limit:18). Your constitution was 15 (limit:16). Your intelligence was 14 (limit:20). Your wisdom was 13 (limit:20). Your charisma was 8 (limit:18). Final Status: You were satiated. You were unencumbered. You were wielding a dagger. You had basic skill with dagger. Final Attributes: You were devoutly aligned. You were sleep resistant. You had automatic searching. You had infravision. You were stealthy. You were warded. You are dead. Miscellaneous: You never encountered a bones level. Total elapsed playing time was 25 minutes and 12 seconds. Vanquished creatures: a small mimic a snake a yellow light 6 gnome leaders 2 gnomish wizards 6 dwarves a hobbit 16 gnomes 7 jackals 2 goblins 4 grid bugs 3 lichens a newt 51 creatures vanquished. No species were genocided or became extinct. Voluntary challenges: You were an atheist. You were illiterate. You never engraved Elbereth. You never genocided any monsters. You never polymorphed an object. You never changed form. You used no wishes. Achievements: You entered the Gnomish Mines. You attained the rank of Lookout. You entered Minetown. You entered a shop. You attained the rank of Trailblazer. You entered a temple. The Dungeons of Doom: levels 1 to 3 Level 1: A fountain, a sink. Level 2: Level 3: Stairs down to The Gnomish Mines. The Gnomish Mines: levels 4 to 8 Level 4: Level 5: Level 6: <- You were here. Many shops, a temple to Mars, some fountains. Final resting place for you, killed by a small mimic. Level 7: Level 8: Game over: ---------- / \ / REST \ / IN \ / PEACE \ / \ | wbn | | 269 Au | | killed by a | | small mimic | | | | | | 2022 | *| * * * | * _________)/\\_//(\/(/\)/\//\/|_)_______ Goodbye wbn the Ranger... You died in The Gnomish Mines on dungeon level 6 with 2085 points, and 269 pieces of gold, after 1487 moves. You were level 6 with a maximum of 36 hit points when you died.